 Dungeon Crawl Stone Soup version 0.31-a0-210-gccc998df9b (webtiles) character file.

Game seed: 9260640905574106662

688 qw the Chopper (level 7, -5/43 HPs)
             Began as a Gargoyle Fighter on June 29, 2023.
             Killed by divine providence
             ... invoked by an orc priest
              (10 damage)
             ... on level 4 of the Dungeon.
             The game lasted 00:01:37 (3328 turns).

qw the Chopper (Gargoyle Fighter)                   Turns: 3328, Time: 00:01:37

Health: -5/43      AC: 21    Str: 21    XL:     7   Next: 62%
Magic:  7/7        EV:  6    Int:  9    God:
Gold:   102        SH:  4    Dex:  9    Spells: 6/6 levels left

rFire   . . .        Y - +0 war axe
rCold   . . .        c - +0 buckler
rNeg    + . .        g - +0 plate armour
rPois   inf          (no helmet)
rElec   +            f - +2 cloak
rCorr   .            (no gloves)
SInv    .            e - +0 pair of boots
Will    .....        (no amulet) Stlth
                     (no ring)
HPRegen 0.27/turn    (no ring)
MPRegen 0.10/turn

%: no passive effects
@: no status effects
A: sickness immunity, AC +4, negative energy resistance 1, electricity
resistance, torment resistance 1, petrification resistance, mutation resistance
1
a: no special abilities


You were on level 4 of the Dungeon.
You visited 1 branch of the dungeon, and saw 4 of its levels.

You collected 138 gold pieces.
You spent 36 gold pieces at shops.


Innate Abilities, Weirdness & Mutations

You are immune to sickness and miasma.
Your stone body is resilient. (AC +4)
You are immune to poison.
You resist negative energy. (rN+)
You are resistant to electric shocks. (rElec)
You are resistant to unholy torment.
You are immune to petrification.
You are somewhat resistant to further mutation.


   Skills:
 + Level 4.0 Fighting
 - Level 7.0 Axes
 - Level 4.2 Armour
 - Level 3.2 Shields


You had 6 spell levels left.
You didn't know any spells.
Your spell library was empty.

Inventory:

Hand Weapons
 m - a +2 flail of protection
 Y - a +0 war axe (weapon)
Armour
 c - a +0 buckler (worn)
 e - a +0 pair of boots (worn)
 f - a +2 cloak (worn)
 g - a +0 plate armour (worn)
Wands
 p - a wand of digging (3)
Scrolls
 b - a scroll of noise {unknown}
 l - a scroll of fog {unknown}
 o - 2 scrolls of identify
 q - a scroll of poison {unknown}
Potions
 a - a potion of lignification
 d - a potion of might
 h - a potion of enlightenment {unknown}
 i - 2 potions of mutation
 j - a potion of heal wounds {unknown}
 n - a potion of magic {unknown}

Dungeon Overview and Level Annotations

Branches:
Dungeon (4/15)
 Temple: D:4-7

Altars:
Uskayaw

Shops:
D:2 !

Annotations:
D:4 2 runed translucent doors, qw's ghost, amateur DEHu


Message History

You hit the orc. You barely miss the orc priest. You miss something.
The orc priest hits you but does no damage.
You block the orc's attack. Something hits you but does no damage.
The orc priest hits you but does no damage.
You barely miss the orc priest.
The orc priest is heavily wounded.
You closely miss the orc priest. You barely miss the orc. You miss something.
The orc priest invokes the aid of Beogh against you.
Beogh smites you! The orc hits you but does no damage.
Something hits you but does no damage.
The orc priest hits you but does no damage. x2
The orc hits you but does no damage.
You hit the orc priest but do no damage.
The orc priest is heavily wounded.
You closely miss the orc. You miss something. You hit the orc but do no damage.
You hit the orc priest. Something hits you but does no damage.
The orc hits you but does no damage.
The orc priest hits you but does no damage. x2
You block the orc's attack.
You slash the orc priest!
You kill the orc priest!
You hit the orc priest. You barely miss the orc. You barely miss something.
You hit the orc. Something hits you but does no damage.
The orc hits you but does no damage.
The orc priest hits you but does no damage.
Your Axes skill increases to level 7!
You barely miss the orc priest.
The orc priest is heavily wounded.
You slash the orc!
You kill the orc!
You hit something but do no damage. You barely miss the orc.
Something hits you but does no damage.
The orc priest calls upon Beogh to heal the orc.
The orc's wounds heal themselves!
Something hits you but does no damage.
You closely miss the orc priest.
The orc priest is heavily wounded.
You hit something. You hit the orc. You barely miss the orc.
The orc priest invokes the aid of Beogh against you.
Beogh smites you!
You die...

#.....#############
#...........#####
##
#......####.....#
.# ######## +.....#
..# #.....# ..#
#.....##..#
######....# #))..#
#@{..#
......ooo......
.......o.......
~~....~..~~~~~.
~.....~~~~~~~~~
~~....~~~~~~~~~
~.....~~~~~~~~~
###''##########


You could see an orc priest, an orc wizard and 2 orcs.

Vanquished Creatures
  Grinder (D:3)
  A scorpion (D:4)
  3 hounds (D:4)
  4 orc priests
  Natasha (twice) (D:3)
  4 gnolls (D:4)
  6 adders
  A worm (D:2)
  A dart slug (D:3)
  7 orcs
  7 bats
  2 endoplasms
  4 giant cockroaches
  5 goblins
  10 hobgoblins
  3 jackals (D:4)
  4 quokkas
  4 ball pythons
  A frilled lizard (D:1)
  7 kobolds
  5 rats
82 creatures vanquished.

Notes
Turn   | Place    | Note
-------+----------+-------------------------------------------
     0 | D:1      | qw the Gargoyle Fighter began the quest for the Orb.
     0 | D:1      | Reached XP level 1. HP: 14/14 MP: 1/1
     0 | D:1      | 0 ||| qw: Version: 0.3-a-24-ga2abf7b
     0 | D:1      | 0 ||| qw: Game counter: 6832
     0 | D:1      | 0 ||| qw: Melee chars always use a shield: true
     0 | D:1      | 0 ||| qw: God list: Okawaru
     0 | D:1      | 0 ||| qw: Allow faded altars: false
     0 | D:1      | 0 ||| qw: Do Orc after clearing Dungeon:15 true
     0 | D:1      | 0 ||| qw: Do second Lair branch before Depths: true
     0 | D:1      | 0 ||| qw: Lair rune preference: random
     0 | D:1      | 0 ||| qw: Goals: Normal, Zot:1-4, Slime:5, God:TSO, Crypt,
                  | Tomb, Abyss, Pan, Hells, Win
     0 | D:1      | 0 ||| PLANNING D:1-11
    82 | D:1      | You fall into a shaft and drop 1 floor!
    92 | D:2      | Found a hide-covered altar of Uskayaw.
   108 | D:2      | Reached skill level 2 in Axes
   112 | D:2      | Reached XP level 2. HP: 18/19 MP: 2/2
   185 | D:2      | 185 ||| Stepping ~*~*~tactically~*~*~ (stealth).
   191 | D:2      | 191 ||| UPGRADING to +0 plate armour.
   201 | D:2      | 201 ||| DROPPING +0 scale mail.
   202 | D:2      | 202 ||| READING scroll labelled SARUKA KOINU.
   206 | D:2      | 206 ||| READING scroll labelled JOLEBA GEOSSEF.
   457 | D:1      | 457 ||| Stepping ~*~*~tactically~*~*~ (stealth).
   473 | D:1      | 473 ||| Stepping ~*~*~tactically~*~*~ (stealth).
   474 | D:1      | 474 ||| Stepping ~*~*~tactically~*~*~ (stealth).
   477 | D:1      | 477 ||| Stepping ~*~*~tactically~*~*~ (stealth).
   481 | D:1      | Reached skill level 3 in Axes
   484 | D:1      | 484 ||| Stepping ~*~*~tactically~*~*~ (stealth).
   486 | D:1      | 486 ||| Stepping ~*~*~tactically~*~*~ (stealth).
   488 | D:1      | 488 ||| Stepping ~*~*~tactically~*~*~ (stealth).
   490 | D:1      | 490 ||| Stepping ~*~*~tactically~*~*~ (stealth).
   497 | D:1      | Reached XP level 3. HP: 23/23 MP: 3/3
   839 | D:1      | 839 ||| UPGRADING to +0 pair of boots.
   844 | D:1      | 844 ||| READING scroll labelled YLUNERGH JYGIA.
   862 | D:1      | 862 ||| READING scroll labelled KAPOAPAOMO.
   863 | D:1      | 863 ||| READING scroll labelled UGIOFF PORHUPE.
   933 | D:2      | 933 ||| Stepping ~*~*~tactically~*~*~ (hiding).
  1232 | D:2      | Found Kogyp's Distillery.
  1241 | D:2      | 1241 ||| SHOPLISTING 2 potions of resistance (240 gold,
                  | have 39).
  1241 | D:2      | 1241 ||| SHOPLISTING potion of cancellation (96 gold, have
                  | 39).
  1241 | D:2      | 1241 ||| BUYING potion of curing (36 gold).
  1241 | D:2      | Bought a potion of curing for 36 gold pieces
  1241 | D:2      | 1241 ||| SHOPLISTING potion of enlightenment (60 gold, have
                  | 3).
  1241 | D:2      | 1241 ||| SHOPLISTING potion of heal wounds (60 gold, have
                  | 3).
  1241 | D:2      | 1241 ||| SHOPLISTING potion of mutation (96 gold, have 3).
  1664 | D:2      | 1664 ||| UPGRADING to +0 cloak.
  1669 | D:2      | 1669 ||| READING scroll labelled GEDWUG LAZXUF.
  1670 | D:2      | 1670 ||| DRINKING 2 metallic red potions.
  1717 | D:2      | 1717 ||| DRINKING 3 golden potions.
  1717 | D:2      | Gained mutation: You are somewhat resistant to further
                  | mutation. [potion of mutation]
  1775 | D:3      | Reached XP level 4. HP: 28/28 MP: 4/4
  1815 | D:3      | 1815 ||| FLEEEEING.
  1836 | D:3      | Reached skill level 4 in Axes
  1938 | D:3      | Noticed Grinder
  1951 | D:3      | Killed Grinder
  1952 | D:3      | Reached skill level 5 in Axes
  1952 | D:3      | Reached XP level 5. HP: 21/32 MP: 5/5
  1952 | D:3      | Reached XP level 6. HP: 25/37 MP: 6/6
  2022 | D:3      | Noticed Natasha
  2025 | D:3      | Killed Natasha
  2064 | D:3      | 2064 ||| DROPPING +0 club.
  2100 | D:3      | 2100 ||| Stepping ~*~*~tactically~*~*~ (stealth).
  2102 | D:3      | 2102 ||| Stepping ~*~*~tactically~*~*~ (hiding).
  2139 | D:3      | HP: 3/38 [orc priest/divine providence (13)]
  2140 | D:3      | 2140 ||| READING scroll of teleportation.
  2142 | D:3      | Reached skill level 6 in Axes
  2851 | D:3      | Noticed Natasha
  2863 | D:3      | Killed Natasha
  2927 | D:3      | 2927 ||| UPGRADING to +2 cloak.
  2937 | D:3      | 2937 ||| DROPPING +0 cloak.
  2938 | D:3      | 2938 ||| READING scroll labelled DIVACESMEM.
  2939 | D:3      | 2939 ||| DRINKING 2 sapphire potions.
  2940 | D:3      | 2940 ||| READING 2 scrolls of identify.
  2940 | D:3      | 2940 ||| IDENTIFYING puce potion
  2941 | D:3      | 2941 ||| DROPPING potion of berserk rage.
  2942 | D:3      | 2942 ||| DROPPING potion of brilliance.
  3019 | D:4      | Reached XP level 7. HP: 43/43 MP: 7/7
  3179 | D:4      | 3179 ||| DROPPING +0 flail.
  3249 | D:4      | Found a runed translucent door.
  3250 | D:4      | Noticed qw's ghost (amateur DEHu)
  3266 | D:4      | Found a runed translucent door.
  3296 | D:4      | 3296 ||| Stepping ~*~*~tactically~*~*~ (hiding).
  3314 | D:4      | 3314 ||| DRINKING potion of curing.
  3314 | D:4      | 3314 ||| (to cure confusion)
  3324 | D:4      | HP: 4/43 [orc priest/divine providence (10)]
  3327 | D:4      | Reached skill level 7 in Axes
  3328 | D:4      | Killed from afar by an orc priest

Levels and vault maps discovered:
D:1:      wander_arrival_peaceful_grave, layout_loops_ring
D:2:      layout_loops_ring, serial_shops, shop, basic_altar, kennysheep_donut
D:3:      layout_loops_corners, uniq_grinder, uniq_natasha
D:4:      minmay_goblin_kobold_castle, layout_gridville, ebering_ghost_sewer_f,
          kennysheep_nondescript, grunt_tough_drop

Skill      XL: |  1  2  3  4  5  6  7 |
---------------+----------------------+-----
Axes           | 2 3 5 6 7 |  7.0
Fighting       | 4 |  4.0
Armour         | 4 |  4.2
Shields        | |  3.2

Action                     |  1- 3 |  4- 6 |  7- 9 || total
---------------------------+-------+-------+-------++-------
  Melee: War axe           |    99 |   130 |    51 ||   280
    Use: Scroll            |     6 |     3 |       ||     9
         Potion            |     2 |     1 |     1 ||     4
 Armour: Scale mail        |     4 |       |       ||     4
         Plate armour      |    53 |    98 |    81 ||   232
  Dodge: Dodged            |    27 |    27 |    16 ||    70
  Block: Buckler           |    19 |    24 |    16 ||    59

Table legend:
 A = Non-vault XP
 B = Vault XP
 C = Vault XP percentage of total XP
 D = Non-vault monster count
 E = Vault monster count
 F = Vault count percentage of total count
                 A         B        C        D         E       F
            +---------+---------+-------+---------+---------+-------
      Total |     656 |     327 |  33.3 |      76 |       6 |   7.3
            +---------+---------+-------+---------+---------+-------
        D:1 |      22 |       0 |   0.0 |      13 |       0 |   0.0
        D:2 |      58 |       0 |   0.0 |      20 |       0 |   0.0
        D:3 |     207 |     321 |  60.8 |      24 |       2 |   7.7
        D:4 |     369 |       6 |   1.6 |      19 |       4 |  17.4
            +---------+---------+-------+---------+---------+-------
